 Dungeon Crawl Stone Soup version 0.31.0-11-ge490571c62 (webtiles) character file.

Game seed: 14584598429567611325

72 KKCryptic the Sneak (level 4, -5/34 HPs)
             Began as a Gnoll Wanderer on Feb 5, 2024.
             Killed by divine providence
             ... invoked by an orc priest
              (13 damage)
             ... on level 3 of the Dungeon.
             The game lasted 00:09:12 (1968 turns).

KKCryptic the Sneak (Gnoll Wanderer)                Turns: 1968, Time: 00:09:13

Health: -5/34      AC:  5    Str: 11    XL:     4   Next: 26%
Magic:  8/8        EV: 11    Int: 12    God:
Gold:   41         SH:  0    Dex: 16    Spells: 6/9 levels left

rFire   . . .        r - +2 mace (protect)
rCold   + . .        (no shield)
rNeg    . . .        l - +0 leather armour
rPois   .            g - +0 helmet
rElec   .            (no cloak)
rCorr   .            i - +0 pair of gloves {Dex+3}
SInv    .            (no boots)
Will    .....        (no amulet)
Stlth   +++          q - ring of protection from cold
HPRegen 0.25/turn    (no ring)
MPRegen 0.11/turn

%: no passive effects
@: hasted, very quick
A: fangs 1, strong nose, distributed training
a: no special abilities


You were on level 3 of the Dungeon.
You visited 1 branch of the dungeon, and saw 3 of its levels.

You collected 41 gold pieces.

Inventory:

Hand Weapons
 a - a +0 dagger
 j - a +0 spear
 r - a +2 mace of protection (weapon)
Missiles
 h - a throwing net
Armour
 g - a +0 helmet (worn)
 i - a +0 pair of gloves of dexterity (worn)
 l - a +0 leather armour (worn)
Jewellery
 q - a ring of protection from cold (left hand)
Scrolls
 b - a scroll of brand weapon {unknown}
 d - a scroll of noise {unknown}
 e - 2 scrolls of fog
 m - a scroll of amnesia {unknown}
 o - a scroll of teleportation {unknown}
Potions
 f - 4 potions of resistance {unknown}
 k - a potion of berserk rage {unknown}
 n - a potion of heal wounds {unknown}
 p - a potion of curing {unknown}


   Skills:
 + Level 2.7 Fighting
 + Level 1.1 Short Blades
 + Level 1.1 Long Blades
 + Level 1.1 Axes
 + Level 1.1 Maces & Flails
 + Level 1.1 Polearms
 + Level 1.1 Staves
 + Level 1.1 Ranged Weapons
 + Level 1.1 Throwing
 + Level 2.7 Armour
 + Level 1.1 Dodging
 + Level 6.0 Stealth
 + Level 1.1 Shields
 + Level 1.1 Unarmed Combat
 + Level 3.0 Spellcasting
 + Level 0.9 Conjurations
 + Level 0.9 Hexes
 + Level 0.9 Summonings
 + Level 0.9 Necromancy
 + Level 0.9 Translocations
 + Level 0.9 Fire Magic
 + Level 0.9 Ice Magic
 + Level 5.4 Air Magic
 + Level 0.9 Earth Magic
 + Level 0.9 Alchemy
 + Level 1.2 Invocations
 + Level 2.7 Evocations
 + Level 1.0 Shapeshifting


You had 6 spell levels left.
You knew the following spells:

 Your Spells              Type           Power      Damage    Failure   Level
a - Shock                 Conj/Air       36%        1d5       9%          1
b - Mercury Vapours       Alch/Air       18%        N/A       13%         2

Your spell library contained the following spells:

 Spells                   Type           Power      Damage    Failure   Level
 Jinxbite                 Hex            8%         N/A       32%         2
 Mephitic Cloud           Conj/Alch/Air  7%         N/A       34%         3
 Gell's Gravitas          Tloc           4%         N/A       54%         3
 Teleport Other           Tloc           4%         N/A       54%         3
 Summon Lightning Spire   Summ/Air       9%         N/A       63%         4
 Freezing Cloud           Conj/Ice/Air   3%         6-21      97%         5
 Yara's Violent Unravell  Hex/Alch       2%         3d3       99%         5
 Dispersal                Tloc           2%         N/A       100%        6
 Enfeeble                 Hex            2%         N/A       100%        7


Dungeon Overview and Level Annotations

Branches:
Dungeon (3/15)

Altars:

Shops:
D:2 *:=


Innate Abilities, Weirdness & Mutations

You have very sharp teeth.
Your uncanny sense of smell can sniff out nearby items.
Your experience applies equally to all skills.


Message History

Aiming: Shock (safe; 9% risk of failure)
Press: ? - help, Shift-Dir - straight line, f - adder
Aim: an adder (48% to hit)
The zap hits the adder.
The adder is moderately wounded.
You barely miss the adder. You bite the adder.
The adder is moderately wounded.
The adder misses you.
You hit the adder.
Your weapon exudes an aura of protection.
Your bite misses the adder.
The adder is heavily wounded.
The adder bites you but does no damage. The adder barely misses you.
You hit the adder.
You kill the adder!
An orc wizard and an orc come into view.
The orc is wielding a +0 flail of holy wrath.
An orc comes into view. It is wielding a +0 dagger.
The orc moves out of view.
An orc priest comes into view. It is wielding a +0 short sword.
You see here a murky golden potion.
The orc priest shouts!
You hear a shout! x2
An orc comes into view. It is wielding a +0 dagger.
The orc shouts!
The orc priest calls down the wrath of Beogh upon you.
Beogh smites you!
You barely miss the orc wizard.
The orc priest casts a cantrip, but nothing happens.
The orc wizard closely misses you.
You feel yourself speed up.
The orc priest mumbles some strange prayers to Beogh against you.
Beogh smites you!
* * * LOW HITPOINT WARNING * * *
The orc wizard hits you with a +0 dagger.
* * * LOW HITPOINT WARNING * * *
The orc closely misses you.
You barely miss the orc wizard.
The orc priest calls down the wrath of Beogh upon you.
Beogh smites you!
You die...

## .# o.. ..# #o#
#.# # ###o##..#
##.###......####
.......o........
#.....@o....###
####...........
#...!...###
#.##.#..# ∆
#.##.#..# #.##.#..#
##.####.#..<..##
...................
.#.###.##.#...##...


You could see an orc priest, an orc wizard and 2 orcs.

Vanquished Creatures
  3 adders
  2 dart slugs (D:2)
  4 ball pythons
  2 bats
  8 endoplasms
  2 giant cockroaches
  A goblin (D:1)
  4 hobgoblins
  4 kobolds
  2 quokkas (D:2)
  5 frilled lizards
  2 rats
39 creatures vanquished.

Notes
Turn   | Place    | Note
-------+----------+-------------------------------------------
     0 | D:1      | KKCryptic the Gnoll Wanderer began the quest for the Orb.
     0 | D:1      | KKCryptic set off with the following items: a +0 dagger, a
                  | +0 pair of gloves, a potion of haste, a +0 robe, a scroll
                  | of fog; and the following spell memorised: Shock; and the
                  | following spells available to memorise: Mercury Vapours,
                  | Summon Lightning Spire.
     0 | D:1      | Reached XP level 1. HP: 17/17 MP: 4/4
   170 | D:1      | Reached XP level 2. HP: 23/23 MP: 1/5
  1003 | D:2      | Found Zojye's Jewellery Shop.
  1027 | D:2      | Learned a level 2 spell: Mercury Vapours
  1078 | D:2      | Found Cieshru's Assorted Antiques.
  1141 | D:2      | Reached XP level 3. HP: 28/28 MP: 2/7
  1160 | D:2      | Found Wipah's Vocational Training.
  1253 | D:2      | Reached skill level 6 in Stealth
  1253 | D:2      | Reached skill level 1 in Invocations
  1502 | D:2      | Reached skill level 1 in Short Blades
  1502 | D:2      | Reached skill level 1 in Long Blades
  1502 | D:2      | Reached skill level 1 in Axes
  1502 | D:2      | Reached skill level 1 in Maces & Flails
  1502 | D:2      | Reached skill level 1 in Polearms
  1502 | D:2      | Reached skill level 1 in Staves
  1502 | D:2      | Reached skill level 1 in Ranged Weapons
  1502 | D:2      | Reached skill level 1 in Throwing
  1502 | D:2      | Reached skill level 1 in Dodging
  1502 | D:2      | Reached skill level 1 in Shields
  1502 | D:2      | Reached skill level 1 in Unarmed Combat
  1705 | D:2      | Reached skill level 1 in Shapeshifting
  1705 | D:2      | Reached XP level 4. HP: 29/34 MP: 5/8
  1968 | D:3      | Killed from afar by an orc priest

Illustrated notes

Levels and vault maps discovered:
D:1:      shiori_shiawase, layout_loops_ring, wad_floor_pattern_2
D:2:      layout_basic, serial_shops, shop, nicolae_diamond_shop,
          nicolae_shop_vocational
D:3:      layout_loops_ring, nicolae_elyvilon_temple_path,
          dreamdust_ecumenical_altar_drowned_temple, minivault_19

Skill      XL: |  1  2  3  4 |
---------------+-------------+-----
Stealth        | 6 |  6.0
Invocations    | 1 |  1.2
Short Blades   | 1 |  1.1
Long Blades    | 1 |  1.1
Axes           | 1 |  1.1
Maces & Flails | 1 |  1.1
Polearms       | 1 |  1.1
Staves         | 1 |  1.1
Ranged Weapons | 1 |  1.1
Throwing       | 1 |  1.1
Dodging        | 1 |  1.1
Shields        | 1 |  1.1
Unarmed Combat | 1 |  1.1
Shapeshifting  | 1 |  1.0
Spellcasting   | 3 |  3.0
Fighting       | |  2.7
Armour         | |  2.7
Conjurations   | |  0.9
Hexes          | |  0.9
Summonings     | |  0.9
Necromancy     | |  0.9
Translocations | |  0.9
Fire Magic     | |  0.9
Ice Magic      | |  0.9
Air Magic      | |  5.4
Earth Magic    | |  0.9
Alchemy        | |  0.9
Evocations     | |  2.7

Action                     |  1- 3 |  4- 6 || total
---------------------------+-------+-------++-------
  Melee: Dagger            |    10 |       ||    10
         Bite              |     2 |     1 ||     3
         Spear             |    41 |       ||    41
         Punch             |     1 |       ||     1
         Mace              |       |     6 ||     6
   Cast: Shock             |    73 |     8 ||    81
         Mercury Vapours   |     1 |       ||     1
    Use: Potion            |       |     1 ||     1
   Stab: Sleeping          |     1 |       ||     1
 Armour: Robe              |    10 |       ||    10
         Leather armour    |     9 |     4 ||    13
  Dodge: Dodged            |    26 |     4 ||    30
